 Dungeon Crawl Stone Soup version 0.31-a0-1001-g770356a28f (webtiles) character file.

Game seed: 7492986531470788428

56 Maratek the Trooper (level 3, -2/33 HPs)
             Began as a Draconian Fighter on Nov 8, 2023.
             Slain by a hobgoblin (3 damage)
             ... on level 3 of the Dungeon.
             The game lasted 00:03:11 (1535 turns).

Maratek the Trooper (Draconian Fighter)             Turns: 1535, Time: 00:03:12

Health: -2/33      AC:  5    Str: 20    XL:     3   Next: 71%
Magic:  3/3        EV:  9    Int:  8    God:
Gold:   153        SH: 11    Dex: 10    Spells: 2/2 levels left

rFire   . . .        a - +0 trident
rCold   . . .        j - +0 tower shield
rNeg    . . .        (body armour unavailable)
rPois   .            (helmet restricted)
rElec   .            (no cloak)
rCorr   .            (no gloves)
SInv    .            (no boots)
Will    .....        (no amulet)
Stlth   +            (no ring)
HPRegen 0.25/turn    (no ring)
MPRegen 0.08/turn

%: no passive effects
@: about to teleport, slowed, very slow
A: AC +5, unfitting armour, cold-blooded
a: no special abilities


You were on level 3 of the Dungeon.
You visited 1 branch of the dungeon, and saw 3 of its levels.

You collected 153 gold pieces.

Inventory:

Hand Weapons
 a - a +0 trident (weapon)
Missiles
 g - 2 throwing nets
Armour
 j - a +0 tower shield (worn)
Wands
 k - a wand of polymorph (6)
Scrolls
 f - 3 scrolls of poison
Potions
 b - a potion of invisibility {unknown}
 c - a potion of might
 l - a potion of curing {unknown}


   Skills:
 + Level 3.8 Fighting
 + Level 3.0 Polearms
 + Level 3.1 Dodging
 + Level 0.2 Stealth
 + Level 3.2 Shields


You had 2 spell levels left.
You didn't know any spells.
Your spell library contained the following spells:

 Spells                   Type           Power      Damage    Failure   Level
 Foxfire                  Conj/Fire      0%         2x1d4     98%         1
 Plasma Beam              Fire/Air       0%         2x1d10    100%        6
 Starburst                Conj/Fire      0%         6d3       100%        6


Dungeon Overview and Level Annotations

Branches:
Dungeon (3/15)

Altars:

Annotations:
D:3 Jessica


Innate Abilities, Weirdness & Mutations

Your plain brown scales are hard. (AC +5)
You cannot fit into any form of body armour.
You are cold-blooded and may be slowed by cold attacks.


Message History

You are too injured to fight recklessly!
Unknown command.
You are too injured to fight recklessly!
You are too injured to fight recklessly!
Unknown command.
You are too injured to fight recklessly!
You barely miss Jessica.
Jessica is almost dead.
The adder bites you but does no damage. The endoplasm hits you.
You block Jessica's attack. You block the adder's attack.
Jessica mumbles some strange words.
Jessica blinks!
The endoplasm freezes you.
You are frozen.
The adder bites you but does no damage.
You hit the hobgoblin.
The hobgoblin is severely wounded.
You feel yourself speed up. You block the adder's attack.
The endoplasm freezes you.
You are frozen.
The hobgoblin barely misses you. You block the adder's attack.
You block the hobgoblin's attack.
The endoplasm hits you but does no damage.
Jessica mumbles some strange words.
Jessica blinks!
The adder barely misses you.
You closely miss the hobgoblin.
The hobgoblin is severely wounded.
The endoplasm freezes you.
You are frozen.
* * * LOW HITPOINT WARNING * * *
You feel yourself slow down. The hobgoblin hits you.
* * * LOW HITPOINT WARNING * * *
The adder bites you but does no damage. The hobgoblin completely misses you.
You block the endoplasm's attack. The adder barely misses you.
As you read the scroll of teleportation, it crumbles to dust.
You feel strangely unstable. The adder bites you but does no damage.
The endoplasm freezes you.
You are frozen.
* * * LOW HITPOINT WARNING * * *
The hobgoblin hits you.
You die...

. ... #######.. ....
......... ....#
#........ ...
#######.#.#.#.# ...
.......Sg...... #.#
##@#@#.#.#
#.†########..Jl....#
#.<.#.......#.#.#.#
###.#.#####..)....#
#...# #########
#...# ...#..#
..#####.# ..# ..#


You could see an adder, Jessica, an endoplasm, a hobgoblin and a frilled lizard.

Vanquished Creatures
  2 adders
  4 endoplasms
  4 giant cockroaches (D:1)
  5 goblins
  3 hobgoblins (D:2)
  2 kobolds (D:1)
  3 quokkas (D:1)
  3 ball pythons
  2 bats (D:1)
  2 frilled lizards (D:1)
  3 rats
33 creatures vanquished.

Notes
Turn   | Place    | Note
-------+----------+-------------------------------------------
     0 | D:1      | Maratek the Draconian Fighter began the quest for the Orb.
     0 | D:1      | Reached XP level 1. HP: 19/19 MP: 1/1
    92 | D:1      | Reached XP level 2. HP: 26/26 MP: 2/2
   107 | D:1      | Found a faded altar of an unknown god.
  1017 | D:2      | Reached XP level 3. HP: 33/33 MP: 3/3
  1524 | D:3      | Noticed Jessica
  1535 | D:3      | HP: 1/33 [frozen (5)]
  1535 | D:3      | Slain by a hobgoblin

Illustrated notes

Levels and vault maps discovered:
D:1:      saegor_arrival_simple_d, layout_basic, shapermc_ecumenical_altar_venn
D:2:      layout_basic
D:3:      layout_rooms, mainiacjoe_overflow_concentric_impassable, serial_glass,
          glass_columns_a, glass_columns_b, uniq_jessica, uniq_grinder

Skill      XL: |  1  2  3 |
---------------+----------+-----
Dodging        | 3 |  3.1
Polearms       | 3 |  3.0
Fighting       | |  3.8
Stealth        | |  0.2
Shields        | |  3.2

Action                     || total
---------------------------++-------
  Melee: Trident           ||    92
         Tailslap          ||     7
         Unarmed           ||     5
    Use: Scroll            ||     5
   Stab: Sleeping          ||     2
 Armour: Skin              ||    63
  Dodge: Dodged            ||    55
  Block: Buckler           ||     9
         Tower shield      ||    40

Table legend: (Time is in decaauts)
 A = Elapsed time spent in this place.
 B = Non-inter-level travel time spent in this place.
 C = Inter-level travel time spent in this place.
 D = Time resting spent in this place.
 E = Time spent auto-exploring this place.
 F = Levels seen in this place.
 G = Mean time per level.
                   A        B        C        D        E       F      G
               +--------+--------+--------+--------+--------+-----+--------+
         Total |   1571 |   1444 |    127 |      0 |   1149 |   3 |  523.7 |
       Dungeon |   1571 |   1444 |    127 |      0 |   1149 |   3 |  523.7 |
               +--------+--------+--------+--------+--------+-----+--------+

Top non-repeatable levels by time:
     D:1: 857 daAuts
     D:2: 637 daAuts
     D:3: 76 daAuts
